 Dungeon Crawl Stone Soup version 0.27-a0-1144-g0b7d3b79db (webtiles) character file.

Game seed: 16830530199200383433

128 eXtarkYa the Vexing (level 5, -11/40 HPs)
             Began as a Gnoll Arcane Marksman on May 10, 2021.
             Killed from afar by Ijyb (17 damage)
             ... with an iceblast
             ... on level 3 of the Dungeon.
             The game lasted 00:14:22 (2981 turns).

eXtarkYa the Vexing (Gnoll Arcane Marksman)         Turns: 2981, Time: 00:14:23

Health: -11/40     AC:  2    Str:  9    XL:     5   Next: 12%
Magic:  8/9        EV: 14    Int: 12    God:
Gold:   157        SH:  0    Dex: 14    Spells: 9/10 levels left

rFire    . . .     SeeInvis .   b - +0 dagger (speed)
rCold    . . .     Faith    .   (no shield)
rNeg     . . .     Spirit   .   e - +0 robe
rPois    .         Reflect  .   (no helmet)
rElec    .         Harm     .   (no cloak)
rCorr    .         Rampage  .   (no gloves)
Will     .....                  (no boots)
Stlth    ++........             (no amulet)
HPRegen  0.13/turn              (no ring)
MPRegen  0.11/turn              (no ring)

@: brilliant
A: fangs 1, strong nose, distributed training
a: no special abilities


You were on level 3 of the Dungeon.
You visited 1 branch of the dungeon, and saw 3 of its levels.

You collected 157 gold pieces.

Inventory:

Hand Weapons
 a - a +0 hand crossbow
 b - a +0 dagger of speed (weapon)
 g - a +0 club
Missiles
 c - 16 arrows
 d - 21 bolts
 j - 115 stones (quivered)
Armour
 e - a +0 robe (worn)
 k - a +0 helmet


   Skills:
 + Level 2.9 Fighting
 + Level 1.3 Short Blades
 + Level 1.3 Long Blades
 + Level 1.3 Axes
 + Level 1.3 Maces & Flails
 + Level 1.3 Polearms
 + Level 1.3 Staves
 + Level 1.3 Slings
 + Level 1.3 Bows
 + Level 4.7 Crossbows
 + Level 1.3 Throwing
 + Level 1.3 Armour
 + Level 4.7 Dodging
 + Level 1.3 Stealth
 + Level 1.3 Shields
 + Level 1.3 Unarmed Combat
 + Level 3.1 Spellcasting
 + Level 1.1 Conjurations
 + Level 5.5 Hexes
 + Level 1.1 Summonings
 + Level 1.1 Necromancy
 + Level 1.1 Translocations
 + Level 1.1 Transmutations
 + Level 1.1 Fire Magic
 + Level 1.1 Ice Magic
 + Level 1.1 Air Magic
 + Level 1.1 Earth Magic
 + Level 1.1 Poison Magic
 + Level 1.5 Invocations
 + Level 1.3 Evocations


You had 9 spell levels left.
You knew the following spells:

 Your Spells              Type           Power      Damage    Failure   Level
a - Corona                Hex            24%        N/A       2%          1

Your spell library contained the following spells:

 Spells                   Type           Power      Damage    Failure   Level
 Slow                     Hex            22%        N/A       3%          2
 Confusing Touch          Hex            22%        N/A       8%          3
 Tukima's Dance           Hex            22%        N/A       8%          3
 Ensorcelled Hibernation  Hex/Ice        28%        N/A       10%         2
 Magic Dart               Conj           24%        1d4       16%         1
 Dazzling Flash           Conj/Hex       28%        N/A       19%         3
 Inner Flame              Hex/Fire       14%        N/A       19%         3
 Portal Projectile        Hex/Tloc       28%        N/A       19%         3
 Blink                    Tloc           N/A        N/A       24%         2
 Call Imp                 Summ           6%         N/A       24%         2
 Cause Fear               Hex            11%        N/A       26%         4
 Conjure Flame            Conj/Fire      6%         6-21      43%         3
 Mephitic Cloud           Conj/Pois/Air  6%         N/A       43%         3
 Leda's Liquefaction      Hex/Erth       7%         N/A       52%         4


Dungeon Overview and Level Annotations

Branches:
Dungeon (3/15)

Altars:

Annotations:
D:3 Ijyb


Innate Abilities, Weirdness & Mutations

You have very sharp teeth.
Your uncanny sense of smell can sniff out nearby items.
Your experience applies equally to all skills.


Message History

You hit Ijyb but do no damage.
Ijyb is lightly wounded.
Ijyb screams, "Die!"
Ijyb hits you with a +0 dagger.
You hit Ijyb but do no damage.
Ijyb is lightly wounded.
You miss Ijyb.
Ijyb is lightly wounded.
Ijyb hits you but does no damage.
You hit Ijyb but do no damage.
Ijyb is lightly wounded.
Ijyb hits you with a +0 dagger!
You hit Ijyb but do no damage.
Ijyb is lightly wounded.
You hit Ijyb but do no damage.
Ijyb is lightly wounded.
Ijyb barely misses you.
You hit Ijyb but do no damage.
Ijyb is lightly wounded.
Ijyb hits you with a +0 dagger. Ijyb barely misses you.
You hit Ijyb but do no damage.
Ijyb is lightly wounded.
Ijyb zaps a wand.
The mass of ice explodes!
The iceblast engulfs you!
* * * LOW HITPOINT WARNING * * *
Casting: Corona (safe; 2% risk of failure)
Confirm with . or Enter, or press ? or * to list all spells.
Aiming: Corona (safe; 2% risk of failure)
Press: ? - help, Shift-Dir - straight line, f/p - Ijyb
Aim: Ijyb, wielding a +0 dagger, wearing a +3 leather armour of positive energy and carrying a wand of iceblast (9) (lightly wounded, strong, chance to affect: 61%) Ijyb is outlined in light.
You hit Ijyb but do no damage.
Ijyb is lightly wounded.
Ijyb misses you.
You feel clever all of a sudden. Ijyb hits you with a +0 dagger.
* * * LOW HITPOINT WARNING * * *
Found a tubular moonstone ring.
Ijyb zaps a wand.
The mass of ice explodes!
The iceblast engulfs you!
You die...

#.# ............# #.#####
....=............# #.....#
................# #.###.#### #..
.... .........# .........## #.#
#.. ........
..#####...###.####.### .(...#
†..###....##.........# ##...#
#...#...#.##......S..####..#.#
##..#..##.##....@.g..........###
#########.##..###..#####.##......
##..# ##......##..).# #.##....#.
#...# ..#.##......##.###....##...
...## ....#..#.....#.....##.# ...
..#####...#.##........#.## ... ##
.........#............#.# ..##
........#########........
........# #..##....#


You could see Ijyb (strong, corona) and a ball python.

Vanquished Creatures
  4 adders
  2 gnolls (D:2)
  A worm (D:2)
  2 dart slugs (D:2)
  9 ball pythons
  6 endoplasms
  A giant cockroach (D:1)
  5 goblins (D:1)
  2 hobgoblins (D:1)
  9 jackals (D:1)
  7 quokkas
  3 bats
  A frilled lizard (D:1)
  5 kobolds
  4 rats
61 creatures vanquished.

Vanquished Creatures (others)
  12 plants (D:2)
12 creatures vanquished.

Grand Total: 73 creatures vanquished

Notes
Turn   | Place    | Note
-------+----------+-------------------------------------------
     0 | D:1      | eXtarkYa the Gnoll Arcane Marksman began the quest for the
                  | Orb.
     0 | D:1      | Reached XP level 1. HP: 17/17 MP: 4/4
     0 | D:1      | Noticed a vine stalker
     0 | D:1      | Noticed a troll
     0 | D:1      | Noticed a gargoyle
     4 | D:1      | Noticed a ghoul
     6 | D:1      | Noticed a vampire
     8 | D:1      | Noticed a vampire
    28 | D:1      | Noticed a gargoyle
    30 | D:1      | Noticed a gargoyle
    30 | D:1      | Noticed an ogre
    32 | D:1      | Noticed an ogre
    32 | D:1      | Noticed a vine stalker
    32 | D:1      | Noticed a dwarf
    34 | D:1      | Noticed a centaur
    36 | D:1      | Noticed a dwarf
    36 | D:1      | Noticed a formicid
    38 | D:1      | Noticed an elf
    71 | D:1      | Reached XP level 2. HP: 23/23 MP: 5/5
   161 | D:1      | Found a faded altar of an unknown god.
   442 | D:1      | Reached XP level 3. HP: 23/28 MP: 7/7
   895 | D:1      | Reached skill level 1 in Invocations
  1262 | D:2      | Reached skill level 1 in Short Blades
  1262 | D:2      | Reached skill level 1 in Long Blades
  1262 | D:2      | Reached skill level 1 in Axes
  1262 | D:2      | Reached skill level 1 in Maces & Flails
  1262 | D:2      | Reached skill level 1 in Polearms
  1262 | D:2      | Reached skill level 1 in Staves
  1262 | D:2      | Reached skill level 1 in Slings
  1262 | D:2      | Reached skill level 1 in Bows
  1262 | D:2      | Reached skill level 1 in Throwing
  1262 | D:2      | Reached skill level 1 in Armour
  1262 | D:2      | Reached skill level 1 in Stealth
  1262 | D:2      | Reached skill level 1 in Shields
  1262 | D:2      | Reached skill level 1 in Unarmed Combat
  1262 | D:2      | Reached skill level 1 in Evocations
  1267 | D:2      | Reached XP level 4. HP: 28/34 MP: 8/8
  2048 | D:2      | Reached skill level 1 in Conjurations
  2048 | D:2      | Reached skill level 1 in Summonings
  2048 | D:2      | Reached skill level 1 in Necromancy
  2048 | D:2      | Reached skill level 1 in Translocations
  2048 | D:2      | Reached skill level 1 in Transmutations
  2048 | D:2      | Reached skill level 1 in Fire Magic
  2048 | D:2      | Reached skill level 1 in Ice Magic
  2048 | D:2      | Reached skill level 1 in Air Magic
  2048 | D:2      | Reached skill level 1 in Earth Magic
  2048 | D:2      | Reached skill level 1 in Poison Magic
  2701 | D:3      | Reached XP level 5. HP: 25/40 MP: 9/9
  2955 | D:3      | Noticed Ijyb
  2981 | D:3      | Killed from afar by Ijyb

Illustrated notes

Levels and vault maps discovered:
D:1:      shiori_arrival_whats_in_store_for_you, layout_basic,
          basic_ecumenical_altar, st_stairs_13, minmay_fountain_box
D:2:      wad_woods_tower, layout_basic, guppyfry_early_lair_pool
D:3:      layout_rooms, lemuel_doored_altar, marbit_many_paths,
          roderic_malta_cross, uniq_crazy_yiuf_cottage, uniq_ijyb

Skill      XL: |  1  2  3  4 |
---------------+-------------+-----
Invocations    | 1 |  1.5
Short Blades   | 1 |  1.3
Long Blades    | 1 |  1.3
Axes           | 1 |  1.3
Maces & Flails | 1 |  1.3
Polearms       | 1 |  1.3
Staves         | 1 |  1.3
Slings         | 1 |  1.3
Bows           | 1 |  1.3
Throwing       | 1 |  1.3
Armour         | 1 |  1.3
Stealth        | 1 |  1.3
Shields        | 1 |  1.3
Unarmed Combat | 1 |  1.3
Evocations     | 1 |  1.3
Spellcasting   | 3 |  3.1
Conjurations   | 1 |  1.1
Summonings     | 1 |  1.1
Necromancy     | 1 |  1.1
Translocations | 1 |  1.1
Transmutations | 1 |  1.1
Fire Magic     | 1 |  1.1
Ice Magic      | 1 |  1.1
Air Magic      | 1 |  1.1
Earth Magic    | 1 |  1.1
Poison Magic   | 1 |  1.1
Fighting       | |  2.9
Crossbows      | |  4.7
Dodging        | |  4.7
Hexes          | |  5.5

Action                   |  1- 3 |  4- 6 || total
-------------------------+-------+-------++-------
Melee: Dagger            |    23 |    63 ||    86
       Bite              |     1 |     3 ||     4
       Hand crossbow     |       |     3 ||     3
 Fire: Hand crossbow     |    86 |    42 ||   128
Throw: Stone             |       |     1 ||     1
 Cast: Corona            |     2 |     1 ||     3
  Use: Scroll            |       |     3 ||     3
       Potion            |       |     2 ||     2
 Stab: Sleeping          |     1 |       ||     1
Armor: Robe              |     6 |    10 ||    16
Dodge: Dodged            |    58 |    34 ||    92

Table legend: (Time is in decaauts)
 A = Elapsed time spent in this place.
 B = Non-inter-level travel time spent in this place.
 C = Inter-level travel time spent in this place.
 D = Time resting spent in this place.
 E = Time spent auto-exploring this place.
 F = Levels seen in this place.
 G = Mean time per level.
                   A        B        C        D        E       F      G
               +--------+--------+--------+--------+--------+-----+--------+
         Total |   2974 |   2959 |     15 |    620 |   1789 |   3 |  991.3 |
       Dungeon |   2974 |   2959 |     15 |    620 |   1789 |   3 |  991.3 |
               +--------+--------+--------+--------+--------+-----+--------+

Top non-repeatable levels by time:
     D:2: 1408 daAuts
     D:1: 1252 daAuts
     D:3: 313 daAuts
